 Dungeon Crawl Stone Soup version 0.21-a0-91-ga5031da (webtiles) character file.

81 MackTheKnife the Skirmisher (level 4, 0/30 HPs)
             Began as a Gargoyle Wanderer on June 29, 2017.
             Slain by a gnoll (4 damage)
             ... on level 2 of the Dungeon.
             The game lasted 00:01:40 (1418 turns).

MackTheKnife the Skirmisher (Gargoyle Wanderer)     Turns: 1418, Time: 00:01:41

Health: 0/30       AC:  6    Str: 17    XL:     4   Next: 42%
Magic:  1/1        EV: 11    Int: 12    God:
Gold:   36         SH:  0    Dex:  9    Spells: 5/5 levels left

rFire    . . .     SeeInvis .   i - +3 short sword (antimagic)
rCold    . . .     Gourm    .   (no shield)
rNeg     + . .     Faith    .   n - +0 leather armour
rPois    ∞         Spirit   .   (no helmet)
rElec    +         Reflect  .   (no cloak)
rCorr    .         Harm     .   (no gloves)
MR       .....                  (no boots)
Stlth    +.........             (no amulet)
HPRegen  0.10/turn              (no ring)
MPRegen  0.07/turn              (no ring)

@: no status effects
A: negative energy resistance 1, electricity resistance, unbreathing,
petrification resistance, rot immunity, AC +3
a: no special abilities


You were on level 2 of the Dungeon.
You were not hungry.

You visited 1 branch of the dungeon, and saw 2 of its levels.

You collected 36 gold pieces.

Inventory:

Hand Weapons
 i - a +3 antimagic short sword (weapon)
   (You took it off a kobold on level 1 of the Dungeon)
Armour
 n - a +0 leather armour (worn)
   (You found it on level 2 of the Dungeon)
Scrolls
 a - a scroll of enchant weapon {unknown}
 d - a scroll of teleportation
 k - a scroll of magic mapping {!r}
Potions
 b - 2 potions of haste
 c - 3 potions of curing
 j - a potion of degeneration {unknown}
 l - a potion of ambrosia {unknown}
Comestibles
 f - a bread ration {@e1}
 g - a meat ration {@e2}


   Skills:
 + Level 4.5 Fighting
   Level 1.7 Long Blades
 - Level 1.0 Dodging
 - Level 2.1 Stealth
 - Level 1.0 Spellcasting
   Level 2.0 Ice Magic
   Level 1.0 Evocations


You had 5 spell levels left.
You didn't know any spells.

Dungeon Overview and Level Annotations

Branches:
Dungeon (2/15)

Altars:
Ashenzari
Elyvilon


Innate Abilities, Weirdness & Mutations

You are resistant to torment.
Your stone body is resilient. (AC +3)
You are immune to poison.
You resist negative energy. (rN+)
You are resistant to electric shocks. (rElec)
You can survive without breathing.
You are immune to petrification.
You are immune to rotting.


Message History

h - 2 chunks of flesh {@w0} Eating one of 2 chunks of flesh {@w0}.
You eat one of the 2 chunks of flesh {@w0}.
You start resting.
Health restored: 23 You enter the shallow water.
Moving in this stuff is going to be slow.
A giant cockroach comes into view.
A giant cockroach is nearby!
A giant cockroach is nearby!
The giant cockroach closely misses you. x2
You closely miss the giant cockroach. The giant cockroach barely misses you.
You hit the giant cockroach but do no damage.
The giant cockroach bites you but does no damage.
You hit the giant cockroach. The giant cockroach barely misses you.
The giant cockroach closely misses you.
You hit the giant cockroach.
You kill the giant cockroach!
An adder comes into view.
The adder hisses angrily.
An adder is nearby!
An adder is nearby!
You closely miss the adder. The adder bites you.
You take 1 damage, and have 22/23 hp.
You barely miss the adder.
You are feeling hungry.
The adder bites you but does no damage.
You puncture the adder! The adder bites you.
The adder bites you but does no damage.
You take 2 damage, and have 20/23 hp.
You hit the adder.
You kill the adder!
No target in view!
No target in view!
Eating a chunk of flesh {@w0}.
You eat the chunk of flesh {@w0}. 3 gnolls come into view.
The gnoll shouts!
A gnoll comes into view.
There are monsters nearby!
There are monsters nearby!
A goblin comes into view. It is wielding a club.
The goblin shouts!
The gnoll shouts!
You hit the gnoll but do no damage. The gnoll closely misses you.
You puncture the gnoll! The gnoll completely misses you.
You hit the gnoll. The gnoll hits you but does no damage.
You closely miss the gnoll. The gnoll barely misses you.
You completely miss the gnoll. The gnoll barely misses you.
You hit the gnoll. The gnoll barely misses you.
You puncture the gnoll!
You kill the gnoll!
Your Fighting skill increases to level 4!
You have reached level 4!
You feel stronger.
The goblin unwields an uncursed club.
The goblin wields a hunting sling.
The goblin shoots a stone.
The stone hits you but does no damage.
You regained 4 hp, and now have 26/29 hp.
You closely miss the gnoll. The gnoll hits you with a whip.
You take 6 damage, and have 20/29 hp.
MASSIVE DAMAGE!!
You hit the gnoll. The gnoll misses you.
You hit the gnoll but do no damage. The gnoll hits you but does no damage.
You hit the gnoll but do no damage. The gnoll hits you with a whip.
You take 3 damage, and have 18/29 hp.
You hit the gnoll. The gnoll hits you with a whip.
You take 5 damage, and have 13/29 hp.
You are too injured to fight recklessly!
You are too injured to fight recklessly!
You are too injured to fight recklessly!
You are too injured to fight recklessly!
You completely miss the gnoll. The gnoll hits you with a whip.
You take 2 damage, and have 11/29 hp.
You hit the gnoll. The gnoll hits you with a whip.
You take 1 damage, and have 10/29 hp.
You barely miss the gnoll. The gnoll misses you.
You closely miss the gnoll. The gnoll barely misses you.
You closely miss the gnoll. The gnoll barely misses you.
You hit the gnoll.
You kill the gnoll!
The goblin shoots a stone.
The stone hits you but does no damage.
You hit the gnoll. The gnoll barely misses you.
You barely miss the gnoll. The gnoll hits you but does no damage.
You barely miss the gnoll. The gnoll hits you.
* * * LOW HITPOINT WARNING * * *
You take 3 damage, and have 8/30 hp.
You closely miss the gnoll. The gnoll hits you but does no damage.
You hit the gnoll. The gnoll closely misses you.
You hit the gnoll.
You kill the gnoll!
You hit the gnoll. The gnoll closely misses you.
You hit the gnoll. The gnoll hits you but does no damage.
You hit the gnoll but do no damage. The gnoll hits you.
* * * LOW HITPOINT WARNING * * *
You take 4 damage, and have 5/30 hp.
You barely miss the gnoll. The gnoll hits you.
* * * LOW HITPOINT WARNING * * *
The gnoll barely misses you.
You closely miss the gnoll. The gnoll closely misses you.
You take 1 damage, and have 4/30 hp.
You barely miss the gnoll. The gnoll hits you.
You die...

*****,********,*,,,************,*
,,,,,,,* #.#...* *,, ****,*,*
#.....* *** *,*,* ##*#....#* *
*,.,** #..,....# * *#,.,*
#.#*#...# * #.#.* #.# *.g.* *
*##...###.##*#g#* *
*..........###@#### *
*.................# *
***...........##.##.# *
,<,.......#.#.##.#*,#******* *
,,,..##...#.#.##.#*,,,,,,,,* *
,,,...........##.#######**,* *
,,,..###..#.#.##†.......,,,******
,,,,,* #..#.#..#.#....,*****,,,,,
,,,,,* ##.###...###..,,,,,**,,,,,


You could see a gnoll and a goblin.

Vanquished Creatures
  3 gnolls (D:2)
  2 adders
  A worm (D:2)
  A dart slug (D:1)
  A leopard gecko (D:1)
  2 giant cockroaches
  2 hobgoblins (D:1)
  3 kobolds
  8 bats
  4 goblins
  4 rats
31 creatures vanquished.

Notes
Turn   | Place    | Note
-------+----------+-------------------------------------------
     0 | D:1      | MackTheKnife the Gargoyle Wanderer began the quest for the Orb.
     0 | D:1      | MackTheKnife set off with: a +2 dagger, a potion of haste, a potion of curing, a scroll of teleportation, a +0 robe, a bread ration {@e1}
     0 | D:1      | Reached XP level 1. HP: 12/12 MP: 2/2
   101 | D:1      | Reached skill level 2 in Fighting
   126 | D:1      | Reached XP level 2. HP: 14/17 MP: 3/3
   207 | D:1      | Found a shattered altar of Ashenzari.
   516 | D:1      | HP: 3/18 [leopard gecko (3)]
   794 | D:1      | Reached skill level 3 in Fighting
   794 | D:1      | Reached XP level 3. HP: 22/23 MP: 1/4
   981 | D:2      | Found a white marble altar of Elyvilon.
  1026 | D:2      | HP: 4/23 [worm (9)]
  1395 | D:2      | Reached skill level 4 in Fighting
  1395 | D:2      | Reached XP level 4. HP: 26/29 MP: 1/5
  1415 | D:2      | HP: 5/30 [gnoll (4)]
  1418 | D:2      | Slain by a gnoll

Vault maps used:
D:1:      dpeg_arrival_concentric_ovals, serial_bayou_pond_d, ashenzari_altar_1
D:2:      elyvilon_altar_4, minmay_close_crescents

Skill      XL: |  1  2  3 |
---------------+----------+-----
Fighting       | 2 3 4 |  4.5
Long Blades    | |  1.7
Dodging        | |  1.0
Stealth        | |  2.1
Spellcasting   | |  1.0
Ice Magic      | |  2.0
Evocations     | |  1.0

Action                   |  1- 3 |  4- 6 || total
-------------------------+-------+-------++-------
Melee: Dagger            |    14 |       ||    14
       Short sword       |    79 |    23 ||   102
  Use: Scroll            |     2 |       ||     2
 Stab: Sleeping          |     1 |       ||     1
  Eat: Chunk             |     2 |       ||     2
Armor: Robe              |    19 |       ||    19
       Leather armour    |     7 |     6 ||    13
Dodge: Dodged            |    52 |     9 ||    61

Vault maps used:
D:1:      dpeg_arrival_concentric_ovals, serial_bayou_pond_d, ashenzari_altar_1
D:2:      elyvilon_altar_4, minmay_close_crescents

Table legend:
 A = Turns spent in this place as a percentage of turns spent in the entire game.
 B = Non-inter-level travel turns spent in this place as a percentage of non-inter-level travel turns spent in the entire game.
 C = Inter-level travel turns spent in this place as a percentage of turns spent in this place.
 D = Turns resting spent in this place as a percentage of non-inter-level travel turns spent in this place.
 E = Turns spent auto-exploring this place as a percentage of non-inter-level travel turns spent in this place.
 F = Non-inter-level travel turns spent in this place divided by the number of levels of this place that you've seen.
                   A       B       C       D       E      F
               +-------+-------+-------+-------+-------+----------------------
         Total | 100.0 | 100.0 |   0.3 |   2.1 |  10.1 | 168.0
       Dungeon | 100.0 | 100.0 |   0.3 |   2.1 |  10.1 | 168.0
               +-------+-------+-------+-------+-------+----------------------

Table legend:
 A = Kills in this place as a percentage of kills in entire the game.
 B = Kills by you in this place as a percentage of kills by you in the entire game.
 C = Kills by friends in this place as a percentage of kills by friends in the entire game.
 D = Other kills in this place as a percentage of other kills in the entire game.
 E = Experience gained in this place as a percentage of experience gained in the entire game.
 F = Experience gained in this place divided by the number of levels of this place that you have seen.
                   A       B       C       D       E      F
               +-------+-------+-------+-------+-------+----------------------
         Total | 100.0 | 100.0 |  -nan |  -nan | 100.0 |  58.5
       Dungeon | 100.0 | 100.0 |  -nan |  -nan | 100.0 |  58.5
               +-------+-------+-------+-------+-------+----------------------
